 Dungeon Crawl Stone Soup version 0.30-a0-847-g17996783a1 (webtiles) character file.

Game seed: 5125738102068218579

1533 SkeletonJelly the Covert (level 8, -3/37 HPs)
             Began as a Spriggan Brigand on Mar 4, 2023.
             Was a Plaything of Xom.
             Killed from afar by an electric eel (11 damage)
             ... with a bolt of electricity
             ... on level 6 of the Dungeon.
             The game lasted 00:12:40 (6138 turns).

SkeletonJelly the Covert (Spriggan Brigand)         Turns: 6138, Time: 00:12:40

Health: -3/37      AC:  9    Str:  4 (5)  XL:     8   Next: 55%
Magic:  9/9        EV: 16    Int: 12 (13) God:    Xom [......]
Gold:   274        SH:  0    Dex: 17 (18) Spells: 7/7 levels left

rFire   + . .      SeeInvis +    C - +2 short sword (chaos)
rCold   . . .      Faith    .    (no shield)
rNeg    . . .      Spirit   .    y - +2 robe {rF+}
rPois   .          Reflect  .    (helmet restricted)
rElec   .          Rampage  .    c - +0 cloak
rCorr   .                        (gloves unavailable)
Will    +++..                    (boots unavailable)
Stlth   +++++                    (no amulet)
HPRegen 0.26/turn                i - ring of willpower
MPRegen 0.11/turn                p - +4 ring of protection

@: unable to drink, very quick
A: very small, no large weapons, unfitting armour, see invisible, speed 3,
deterioration 2, strong-willed 1, weak 1, inability to drink after injury 1,
MP-powered wands
a: Renounce Religion


You were on level 6 of the Dungeon.
You worshipped Xom.
You were a very special plaything of Xom.
You visited 1 branch of the dungeon, and saw 6 of its levels.
You also visited: Sewer.

You collected 274 gold pieces.

Inventory:

Hand Weapons
 a - a +2 dagger
 A - a +1 sling of freezing
 C - a +2 short sword of chaos (weapon)
 E - a +2 short sword of holy wrath
 F - a +1 dagger of venom
Missiles
 d - 35 poisoned darts (quivered)
 e - 4 curare-tipped darts
 h - a throwing net
Armour
 b - a +0 robe
 c - a +0 cloak (worn)
 v - the +1 hat of Haizef {-Tele Will+ Str-5 Int+5}
   (You found it on level 2 of the Dungeon)

   Str:       It affects your strength (-5).
   Int:       It affects your intelligence (+5).
   -Tele:     It prevents most forms of teleportation.
   Will:      It increases your willpower.
 y - a +2 robe of fire resistance (worn)
Jewellery
 i - a ring of willpower (left hand)
 p - a +4 ring of protection (right hand)
 G - an amulet of regeneration
Scrolls
 g - 3 scrolls of fear
 m - 3 scrolls of identify
 q - a scroll of silence
 s - 2 scrolls of blinking
 t - 4 scrolls of teleportation
 w - 2 scrolls of magic mapping
Potions
 f - 2 potions of cancellation {unknown}
 j - 3 potions of flight {unknown}
 k - 2 potions of heal wounds {unknown}
 l - 5 potions of curing {unknown}
 n - a potion of degeneration {unknown}
 o - a potion of berserk rage {unknown}
 r - 4 potions of brilliance {unknown}
 x - 4 potions of haste {unknown}
 z - 2 potions of mutation {unknown}
 D - a potion of invisibility {unknown}
 H - a potion of resistance {unknown}


   Skills:
 - Level 1.5 Fighting
 * Level 9.7 Short Blades
 - Level 2.0 Throwing
 - Level 1.3 Dodging
 + Level 11.5 Stealth


You had 7 spell levels left.
You didn't know any spells.
Your spell library contained the following spells:

 Spells                   Type           Power      Damage    Failure   Level
 Magic Dart               Conj           0%         1d3       32%         1
 Sandblast                Erth           0%         2d4       32%         1
 Call Imp                 Summ           0%         N/A       45%         2
 Inner Flame              Hex/Fire       0%         N/A       69%         3
 Mephitic Cloud           Conj/Pois/Air  0%         N/A       69%         3
 Ozocubu's Armour         Ice            0%         N/A       69%         3
 Stone Arrow              Conj/Erth      0%         3d7       69%         3
 Animate Armour           Summ/Erth      0%         N/A       97%         4
 Flame Wave               Conj/Fire      0%         2d4       97%         4
 Sticky Flame             Conj/Fire      0%         2d3       97%         4
 Alistair's Intoxication  Tmut/Pois      0%         N/A       100%        5
 Metabolic Englaciation   Hex/Ice        0%         N/A       100%        5
 Conjure Ball Lightning   Conj/Air       0%         3x3d6     100%        6
 Simulacrum               Ice/Necr       0%         N/A       100%        6
 Discord                  Hex            0%         N/A       100%        8
 Disjunction              Tloc           0%         N/A       100%        8
 Lehudib's Crystal Spear  Conj/Erth      0%         10d2      100%        8
 Shatter                  Erth           0%         3d5*      100%        9


Dungeon Overview and Level Annotations

Branches:
Dungeon (6/15)             Temple (0/1) D:5           Sewer (visited)

Altars:
Gozag
Qazlal
Xom

Shops:
D:1 (   D:6 :

Annotations:
D:6 exclusion: oklob plant


Innate Abilities, Weirdness & Mutations

You are very small and have problems with some larger weapons.
You are too small for most types of armour.
You have supernaturally acute eyesight. (SInv)
You cover ground extremely quickly. (Speed+++)
Your body often deteriorates upon taking damage.
You are strong-willed. (Will+)
You are weak. (Str -2)
You occasionally lose the ability to drink potions when taking damage.
You expend magic power (3 MP) to strengthen your wands.


Message History

"Hum-dee-hum-dee-hum..."
The sleepcap evaporates and reforms as a ballistomycete!
You are now a very special plaything of Xom.
You hit the ballistomycete. You freeze the ballistomycete.
The ballistomycete is lightly damaged.
You hit the ballistomycete.
The ballistomycete is moderately damaged. "Hum-dee-hum-dee-hum..."
The ballistomycete evaporates and reforms as an oklob plant!
Marking area around an oklob plant as unsafe for travelling.
Unknown command.
Xom opens a gate.
Marking area around an oklob plant as unsafe for travelling.
Your attacks no longer feel as feeble.
Your white imp gestures at the oklob plant.
The puff of frost hits the oklob plant!
You see here 5 stones.
You swap places.
You swap places. "Hum-dee-hum-dee-hum..."
Your white imp evaporates and reforms as a shadow imp!
Health restored: 37 You see here a +0 spear.
An electric eel is nearby!
You aren't carrying any items that you can evoke.
An iguana comes into view.
An iguana is nearby!
The helpless iguana fails to defend itself.
You skewer the iguana like a kebab!!!
You kill the iguana!
No target in view!
No target in view!
No target in view!
No target in view!
You swap places.
You see here a +0 spear.
Things that are here:
a +0 club; a gnoll corpse You closely miss the gnoll bouda.
You hit the gnoll bouda.
The gnoll bouda is lightly wounded.
The gnoll bouda closely misses you.
You hit the gnoll bouda.
The gnoll bouda seems to speed up.
The gnoll bouda is heavily wounded.
A bolt of electricity appears from out of your range of vision.
The bolt of electricity hits your shadow imp!
The gnoll bouda hits you but does no damage.
You hit the gnoll bouda but do no damage.
You drain the gnoll bouda.
The gnoll bouda is severely wounded.
You barely miss the gnoll bouda.
The gnoll bouda is severely wounded.
The gnoll bouda barely misses you.
A bolt of electricity appears from out of your range of vision.
The bolt of electricity hits your shadow imp!
Your shadow imp dies!
Your shadow imp disappears in a puff of smoke!
You hit the gnoll bouda. You freeze the gnoll bouda.
The gnoll bouda is almost dead.
The gnoll bouda closely misses you.
You hit the gnoll bouda. You freeze the gnoll bouda.
You kill the gnoll bouda!
You enter the shallow water.
Moving in this stuff is going to be slow.
Found a quarterstaff.
The electric eel shoots out a bolt of lightning at you!
The bolt of electricity hits you.
The electric eel shoots out a bolt of lightning at you!
The bolt of electricity hits you!
You take 13 damage, and have 24/37 hp.
MASSIVE DAMAGE!!
You hit the electric eel.
The electric eel is poisoned.
The electric eel is lightly wounded.
You hit the electric eel.
The electric eel is heavily wounded.
The electric eel shoots out a bolt of lightning at you!
The bolt of electricity hits you!
Your body deteriorates!
You feel dopey.
You take 12 damage, and have 12/37 hp.
MASSIVE DAMAGE!!
You are too injured to fight recklessly!
You are too injured to fight recklessly!
You are too injured to fight recklessly!
You are too injured to fight recklessly!
You are too injured to fight recklessly!
You are too injured to fight recklessly!
You hit the electric eel. You burn the electric eel.
The electric eel is severely wounded.
You barely miss the electric eel.
The electric eel is severely wounded.
The electric eel shoots out a bolt of lightning at you!
The bolt of electricity hits you.
You feel threatened and lose the ability to drink potions!
* * * LOW HITPOINT WARNING * * *
You take 4 damage, and have 8/37 hp.
You barely miss the electric eel.
The electric eel is severely wounded.
You hit the electric eel.
The electric eel is almost dead.
The electric eel shoots out a bolt of lightning at you!
The bolt of electricity hits you!
You die...

##...
#.###########..#
#...#
#...5Pg)..#....#
#...#
#########)#.#..#
.....
......)...#..#
#.####
########))##..#
........♣.....#
.....♣~~~♣$.#.#
....♣~.~~~..#.#
.....~~P@~..#5#
...P~.~S~...#.#
.....~≈≈~~..#.#
##..~~≈≈.~.##.#
#....~~~~~.##.#
#..P~~~.~~.##.#
#..)~~.~.~###.#
...♣.~P♣.. #.#
#.#


You could see an electric eel (very poisoned).

Vanquished Creatures
  Grinder (D:4)
  A water moccasin (D:5)
  A black bear (D:6)
  An ice beast (D:5)
  3 kobold brigands (Sewer)
  A bullfrog (shapeshifter) (Sewer)
  A bullfrog (D:6)
  A scorpion (D:5)
  An orc priest (D:5)
  2 gnoll boudas (D:6)
  2 hounds
  2 iguanas
  A sleepcap (D:5)
  6 river rats (Sewer)
  14 adders
  4 gnolls
  A shadow imp (D:5)
  An ufetubus (D:5)
  2 worms (D:4)
  5 dart slugs
  16 orcs
  11 bats
  7 endoplasms
  5 giant cockroaches
  6 goblins
  9 hobgoblins
  6 jackals
  5 quokkas
  11 ball pythons
  4 frilled lizards
  20 kobolds
  20 rats
171 creatures vanquished.

Vanquished Creatures (collateral kills)
  A river rat (Sewer)
  2 kobolds (Sewer)
3 creatures vanquished.

Vanquished Creatures (others)
  21 plants (D:6)
21 creatures vanquished.

Grand Total: 195 creatures vanquished

Notes
Turn   | Place    | Note
-------+----------+-------------------------------------------
     0 | D:1      | SkeletonJelly the Spriggan Brigand began the quest for the
                  | Orb.
     0 | D:1      | Reached XP level 1. HP: 10/10 MP: 2/2
   178 | D:1      | Reached skill level 6 in Stealth
   224 | D:1      | Reached XP level 2. HP: 14/14 MP: 3/3
   371 | D:1      | Found a faded altar of an unknown god.
   384 | D:1      | Prayed at the altar of an unknown god.
   384 | D:1      | Became a worshipper of Xom of Malevolent Giggling
   396 | D:1      | XOM: silly message
   425 | D:1      | Found Vacopre's Weapon Boutique.
   558 | D:1      | Reached XP level 3. HP: 7/18 MP: 4/4
   884 | D:1      | XOM: divination: magic mapping
   894 | D:2      | Reached skill level 7 in Stealth
  1044 | D:2      | Found an opulent altar of Gozag.
  1116 | D:2      | XOM: divination: detect creatures
  1168 | D:2      | XOM: potion effect (invisibility)
  1176 | D:2      | Reached XP level 4. HP: 22/22 MP: 5/5
  1436 | D:2      | XOM: scenery: summon butterflies
  1710 | D:2      | XOM: give mutation
  1710 | D:2      | Gained mutation: Your system is resistant to poisons.
                  | (rPois) [Xom's grace]
  1840 | D:2      | XOM: scenery: 1 doors close
  1942 | D:2      | XOM: scenery: summon butterflies
  1972 | D:2      | Identified the +1 hat of Haizef {-Tele Will+ Str-5 Int+5}
  2344 | D:3      | Reached XP level 5. HP: 25/25 MP: 6/6
  2422 | D:3      | XOM: give mutations
  2422 | D:3      | Gained mutation: You are strong-willed. (Will+) [Xom's
                  | grace]
  2422 | D:3      | Gained mutation: You expend magic power (3 MP) to
                  | strengthen your wands. [Xom's grace]
  2480 | D:3      | Found a stormy altar of Qazlal.
  2506 | D:3      | Reached skill level 8 in Stealth
  2716 | D:3      | XOM: give mutations
  2716 | D:3      | Gained mutation: Armour fits poorly on your strangely
                  | shaped body. [Xom's mischief]
  2716 | D:3      | Gained mutation: Your body sometimes deteriorates upon
                  | taking damage. [Xom's mischief]
  2882 | D:4      | Found a glowing drain.
  2938 | Sewer    | Entered a sewer
  3047 | Sewer    | Reached skill level 5 in Short Blades
  3052 | Sewer    | XOM: god gift: scroll labelled COW ZIASUTY {god gift}
  3055 | Sewer    | XOM: summons friendly crimson imp
  3168 | Sewer    | Reached XP level 6. HP: 22/30 MP: 7/7
  3194 | Sewer    | XOM: scenery: summon butterflies
  3301 | Sewer    | Reached skill level 9 in Stealth
  3341 | Sewer    | XOM: chaos upgrade
  3345 | Sewer    | XOM: butterfly on damage
  3353 | Sewer    | XOM: noise
  3354 | Sewer    | a kobold brigand changed into a shapeshifter
  3354 | Sewer    | Noticed a shapeshifter (shapeshifter)
  3354 | Sewer    | XOM: polymorph kobold brigand -> shapeshifter
  3536 | Sewer    | XOM: give mutation
  3536 | Sewer    | Gained mutation: You are partially covered in iridescent
                  | scales. (AC +2) [Xom's grace]
  3657 | Sewer    | XOM: cleaving
  3671 | Sewer    | Reached XP level 7. HP: 5/33 MP: 8/8
  3968 | D:4      | XOM: summons 4 hostile shadow creatures
  4052 | D:3      | XOM: give mutations
  4052 | D:3      | Lost mutation: You are partially covered in iridescent
                  | scales. (AC +2) [Xom's mischief]
  4052 | D:3      | Gained mutation: You occasionally shout uncontrollably at
                  | your foes. [Xom's mischief]
  4052 | D:3      | Gained mutation: Your body often deteriorates upon taking
                  | damage. [Xom's mischief]
  4052 | D:3      | Gained mutation: You occasionally lose the ability to drink
                  | potions when taking damage. [Xom's mischief]
  4168 | D:4      | Noticed Grinder
  4191 | D:4      | XOM: divination: detect creatures
  4201 | D:4      | XOM: potion effect (haste)
  4207 | D:4      | XOM: confuse monster(s)
  4212 | D:4      | Killed Grinder
  4213 | D:4      | Reached skill level 10 in Stealth
  4627 | D:5      | Entered Level 5 of the Dungeon
  4706 | D:5      | Found a staircase to the Ecumenical Temple.
  4718 | D:5      | XOM: cleaving
  4810 | D:5      | XOM: enchant monster (good)
  4946 | D:5      | XOM: give mutations
  4946 | D:5      | Lost mutation: You occasionally shout uncontrollably at
                  | your foes. [Xom's mischief]
  4946 | D:5      | Lost mutation: Armour fits poorly on your strangely shaped
                  | body. [Xom's mischief]
  4946 | D:5      | Lost mutation: Your system is resistant to poisons. (rPois)
                  | [Xom's mischief]
  4946 | D:5      | Lost strength.
  4946 | D:5      | Gained mutation: You are weak. (Str -2) [Xom's mischief]
  5095 | D:5      | Reached XP level 8. HP: 37/37 MP: 9/9
  5364 | D:5      | XOM: summons friendly iron imp
  5809 | D:6      | Reached skill level 11 in Stealth
  5821 | D:6      | Got the Directory of Effluvium and Spelunking
  5875 | D:6      | XOM: summons 4 friendly demons
  5907 | D:6      | Found Puab's Book Shoppe.
  5984 | D:6      | XOM: polymorph sleepcap -> ballistomycete
  5986 | D:6      | a ballistomycete changed into an oklob plant
  5986 | D:6      | Noticed an oklob plant
  5986 | D:6      | XOM: polymorph ballistomycete -> oklob plant
  5987 | D:6      | XOM: summons friendly white imp
  6066 | D:6      | XOM: polymorph white imp -> shadow imp
  6138 | D:6      | Killed from afar by an electric eel

Illustrated notes

Levels and vault maps discovered:
D:1:      pf_arrival_petrified_forest, layout_basic,
          chequers_ecumenical_altar_island, serial_shops, nicolae_diamond_shop
D:2:      minmay_recursive_quarters, layout_basic, basic_altar,
          minmay_divided_ellipse
D:3:      layout_basic, mainiacjoe_overflow_cross_hatched
D:4:      layout_rooms, portal_sewer_entry_a, serial_forest,
          infiniplex_forest_lined_corner, infiniplex_forest_clump_medium,
          infiniplex_forest_end_2, infiniplex_forest_clump_medium,
          infiniplex_forest_diagonal, infiniplex_forest_lined_corner,
          infiniplex_forest_lined_1, minmay_bisected, uniq_grinder
D:5:      layout_layer_cave, minmay_temple_entry_trees, minmay_door_square
D:6:      layout_basic, serial_shops, shop, serial_bayou, serial_bayou_lagoon_a,
          serial_bayou_pond_b, serial_bayou_pond_e, serial_bayou_shore_a,
          minmay_hedge_maze

Skill      XL: |  1  2  3  4  5  6  7  8 |
---------------+-------------------------+-----
Stealth        | 6 7 8 9 10 11 | 11.5
Short Blades   | 3 4 5 6 8 9 |  9.7
Fighting       | |  1.5
Throwing       | |  2.0
Dodging        | |  1.3

Action                     |  1- 3 |  4- 6 |  7- 9 || total
---------------------------+-------+-------+-------++-------
  Melee: Dagger            |    81 |   363 |       ||   444
         Punch             |     1 |     3 |     1 ||     5
         Short sword       |       |    30 |   207 ||   237
  Throw: Dart              |       |     4 |       ||     4
    Use: Scroll            |       |     6 |     3 ||     9
   Stab: Sleeping          |     9 |    26 |    12 ||    47
         Invisible         |     1 |       |       ||     1
         Confused          |       |       |     2 ||     2
 Armour: Robe              |    12 |    83 |    29 ||   124
  Dodge: Dodged            |    82 |   271 |   104 ||   457

Table legend: (Time is in decaauts)
 A = Elapsed time spent in this place.
 B = Non-inter-level travel time spent in this place.
 C = Inter-level travel time spent in this place.
 D = Time resting spent in this place.
 E = Time spent auto-exploring this place.
 F = Levels seen in this place.
 G = Mean time per level.
                   A        B        C        D        E       F      G
               +--------+--------+--------+--------+--------+-----+--------+
         Total |   4224 |   4158 |     66 |      0 |   2932 |   7 |  603.4 |
       Dungeon |   3429 |   3363 |     66 |      0 |   2438 |   6 |  571.5 |
         Sewer |    795 |    795 |      0 |      0 |    494 |   1 |  795.0 |
               +--------+--------+--------+--------+--------+-----+--------+

Top non-repeatable levels by time:
     D:2: 828 daAuts
   Sewer: 795 daAuts
     D:5: 656 daAuts
     D:1: 653 daAuts
     D:4: 623 daAuts
     D:3: 422 daAuts
     D:6: 244 daAuts
